Map: Abyssal Reef LE

Players

Lambo

  • Race: Zerg Zerg
  • Spawn Location: 5:00

ZhuGeLiang - Winner!

  • Race: Zerg Zerg
  • Spawn Location: 11:00

Event: WCS Valencia 2017

VOD

Have the link to the VOD?

Description

Time

  • Played on: July 13, 2017, 9:29 a.m.
  • Length: 10:09

All games in this series

Show
View Real Time Build Order
Export as new Build Order

Lambo Zerg 

Build Orders: Hatch First, Zergling Baneling 

Get SALT Encoding   

  12  0:01  Drone  
  13  0:12  Overlord  
  13  0:17  Drone  
  14  0:31  Drone  
  14  0:32  Drone  
  16  0:39  Drone  
  17  0:52  Hatchery  
  17  0:55  Drone  
  17  0:58  Drone  
  18  1:09  Extractor  
  17  1:13  Spawning Pool  
  17  1:16  Drone  
  17  1:20  Drone  
  18  1:28  Drone  
  19  1:39  Overlord  
  19  1:51  Drone  
  20  2:00  Queen  
  20  2:01  Zergling x2  
  23  2:03  Queen  
  23  2:04  Zergling x2  
  26  2:08  Metabolic Boost  
  26  2:11  Drone  
  26  2:15  Drone  
  28  2:22  Drone  
  29  2:27  Drone  
  30  2:33  Zergling x2  
  31  2:38  Zergling x2  
  32  2:45  Hatchery  
  32  2:47  Drone  
  32  2:51  Baneling Nest  
  31  2:54  Drone  
  32  3:01  Drone x2  
  32  3:04  Overlord  
  34  3:10  Zergling x2  
  35  3:14  Drone  
  35  3:20  Overlord  
  35  3:24  Zergling x2  
  35  3:26  Queen  
  38  3:27  Overlord  
  38  3:32  Drone x2  
  40  3:37  Drone x2  
  42  3:45  Drone x3  
  42  3:46  Drone  
  42  3:47  Baneling x2  
  46  3:53  Baneling x2  
  46  3:58  Zergling x10  
  51  4:06  Zergling x4  
  52  4:10  Zergling x4  
  52  4:13  Baneling x4  
  52  4:16  Roach Warren  
  53  4:20  Extractor  
  53  4:23  Drone x3  
  55  4:25  Baneling  
  55  4:26  Overlord  
  55  4:30  Drone x3  
  54  4:40  Drone x5  
  54  4:45  Extractor, Evolution Chamber  
  58  4:48  Drone x4  
  60  4:58  Lair  
  60  5:00  Drone x3  
  60  5:01  Drone  
  63  5:08  Zergling x4  
  65  5:16  Overlord  
  65  5:18  Drone x5  
  65  5:20  Baneling  
  65  5:21  Baneling x2  
  70  5:24  Drone x3, Zerg Missile Weapons Level 1  
  72  5:28  Overlord  
  72  5:31  Drone x2, Overlord  
  72  5:32  Extractor  
  72  5:36  Overlord  
  72  5:38  Overlord  
  72  5:40  Overlord  
  72  5:41  Overlord  
  72  5:42  Drone  
  73  5:48  Drone x3  
  74  5:50  Extractor  
  74  5:52  Roach  
  74  5:53  Extractor  
  74  5:56  Roach x3  
  74  5:57  Roach  
  82  6:00  Glial Reconstitution  
  82  6:02  Roach x2  
  82  6:03  Drone x2  
  88  6:07  Overlord  
  88  6:09  Drone x3  
  90  6:13  Roach x2  
  90  6:17  Overseer  
  94  6:22  Drone  
  94  6:23  Drone  
  96  6:27  Hatchery  
  96  6:28  Roach x3  
  100  6:38  Roach x4  
  103  6:43  Drone x4  
  107  6:48  Overlord  
  107  6:50  Roach x2  
  107  6:52  Overlord  
  107  6:53  Ravager  
  107  6:54  Ravager x3  
  115  6:57  Overlord  
  115  7:00  Evolution Chamber  
  114  7:02  Roach x2  
  114  7:05  Overlord  
  118  7:10  Roach x3  
  118  7:13  Overlord  
  118  7:14  Roach  
  118  7:15  Roach  
  128  7:20  Roach x3  
  134  7:24  Zerg Missile Weapons Level 2  
  134  7:27  Zerg Ground Armor Level 1  
  134  7:32  Roach x3  
  134  7:33  Ravager x2  
  134  7:37  Overlord  
  142  7:38  Roach x2  
  142  7:41  Roach x2  
  150  7:47  Roach x2  
  150  7:48  Roach  
  156  7:53  Roach x2  
  156  7:54  Overlord  
  156  7:56  Roach x2  
  164  7:59  Queen  
  164  8:00  Roach  
  164  8:02  Roach  
  164  8:05  Roach x2  
  174  8:11  Overlord  
  174  8:14  Overseer  
  174  8:15  Overlord  
  174  8:17  Overlord  
  174  8:23  Roach x5  
  168  8:28  Roach  
  168  8:29  Roach x3  
  168  8:32  Roach  
  168  8:33  Roach  
  139  8:37  Roach x3  
  139  8:41  Roach x2  
  135  8:43  Roach x2  
  135  8:45  Roach  
  135  8:48  Roach  
  135  8:52  Roach x2  
  127  8:57  Roach x2  
  127  9:01  Roach  
  115  9:04  Ravager x4  
  121  9:10  Roach  
  121  9:12  Roach  
  121  9:16  Roach x2  
  129  9:18  Roach  
  129  9:24  Roach x3  
  135  9:26  Roach  
  135  9:27  Roach  
  135  9:31  Roach x2  
  143  9:37  Roach  
  143  9:38  Roach x3  
  151  9:42  Roach x2  
  151  9:45  Roach  
Show
View Real Time Build Order
Export as new Build Order

ZhuGeLiang Zerg - Winner!

Build Orders: Hatch First, Zergling Baneling 

Get SALT Encoding   

  12  0:01  Drone  
  13  0:12  Overlord  
  13  0:17  Drone  
  14  0:31  Drone x2  
  14  0:35  Drone  
  17  0:52  Hatchery  
  17  0:55  Drone  
  17  0:57  Drone  
  18  1:06  Extractor  
  17  1:13  Spawning Pool  
  17  1:16  Drone  
  17  1:19  Drone  
  18  1:28  Drone  
  19  1:39  Overlord  
  19  1:59  Queen  
  19  2:00  Zergling x4  
  23  2:03  Queen  
  23  2:05  Zergling x2  
  23  2:06  Metabolic Boost  
  26  2:12  Drone  
  27  2:17  Drone  
  28  2:23  Drone  
  28  2:25  Drone  
  30  2:35  Queen  
  30  2:36  Drone  
  33  2:50  Hatchery  
  32  2:56  Overlord  
  32  3:02  Baneling Nest  
  32  3:04  Drone  
  32  3:05  Drone x2  
  34  3:10  Drone x2  
  36  3:19  Drone  
  37  3:20  Zergling x6  
  37  3:23  Zergling x2  
  41  3:27  Drone x2  
  43  3:34  Drone  
  43  3:43  Overlord  
  43  3:45  Overlord  
  43  3:46  Baneling x3  
  43  3:52  Overlord  
  43  3:55  Extractor  
  43  3:58  Drone  
  43  4:01  Drone x5  
  48  4:03  Drone x2  
  51  4:10  Drone  
  51  4:15  Overlord  
  51  4:19  Drone x2  
  51  4:20  Roach Warren, Zergling x6  
  51  4:21  Baneling x2  
  51  4:23  Zergling x2  
  53  4:29  Queen  
  55  4:33  Baneling  
  55  4:37  Zergling x10  
  59  4:40  Baneling x2  
  59  4:48  Drone x4  
  59  4:49  Drone x2  
  65  4:53  Evolution Chamber  
  65  4:55  Drone x3  
  65  4:56  Drone  
  68  5:03  Lair  
  68  5:06  Extractor  
  63  5:07  Drone x3  
  63  5:08  Drone  
  63  5:10  Drone  
  63  5:11  Drone  
  69  5:18  Drone x3  
  72  5:23  Zerg Missile Weapons Level 1  
  72  5:28  Drone x5  
  75  5:33  Drone  
  75  5:35  Extractor, Overlord  
  75  5:36  Extractor  
  75  5:37  Extractor  
  75  5:38  Overlord  
  73  5:43  Overlord  
  73  5:48  Drone  
  71  5:51  Overlord  
  71  5:52  Roach x4  
  71  5:53  Overlord x2  
  79  6:01  Glial Reconstitution  
  79  6:02  Roach x3  
  85  6:10  Roach x2  
  85  6:11  Roach x2  
  92  6:18  Baneling x2  
  92  6:19  Roach x3  
  98  6:26  Overlord  
  98  6:29  Roach x5  
  108  6:36  Ravager x3  
  108  6:39  Overlord  
  110  6:46  Roach x5  
  110  6:47  Roach  
  122  6:51  Overlord  
  122  6:55  Unknown, Roach  
  122  6:56  Roach x2  
  128  7:06  Overlord  
  128  7:09  Roach  
  128  7:10  Roach x4  
  128  7:14  Ravager x3  
  141  7:16  Roach x2  
  141  7:19  Overlord x2  
  145  7:23  Zerg Missile Weapons Level 2  
  145  7:26  Overlord  
  145  7:31  Roach x2  
  149  7:40  Roach x4  
  157  7:45  Roach x3  
  163  7:52  Roach x4  
  163  7:55  Overlord  
  163  7:56  Ravager x2  
  163  7:57  Ravager  
  174  8:00  Roach  
  176  8:08  Overlord  
  176  8:14  Roach  
  176  8:15  Roach x3  
  176  8:16  Overlord  
  170  8:28  Roach  
  170  8:29  Roach x7  
  170  8:31  Roach  
  170  8:34  Roach  
  171  8:38  Roach x3  
  171  8:41  Ravager  
  164  8:58  Roach x8  
  168  9:03  Roach x2  
  168  9:06  Ravager  
  168  9:07  Ravager  
  168  9:08  Roach x3  
  180  9:10  Roach  
  180  9:11  Roach  
  180  9:15  Roach  
  180  9:16  Roach  
  180  9:17  Roach  
  190  9:18  Ravager  
  190  9:19  Ravager  
  190  9:20  Roach  
  190  9:23  Roach  
  196  9:26  Roach x2  
  175  9:54  Hatchery  
Tags
 
Add a new tag
Caveats
  • Supply blocks, unpowered buildings, or Contaminate may cause inaccurate times.
  • Supply counts are checked every 10 seconds.